PCL
VANCOUVER VIPERS @ SANTA MONICA BRUINS
09/29/2023
 
TOP OF THE 1ST
Vancouver Vipers batting - Pitching for Santa Monica Bruins : LHP Yasuyuki Ishii
Pitching: LHP Yasuyuki Ishii
Batting: RHB Guillermo Sánchez 0-0: Ball
1-0: Ball
2-0: Called Strike
2-1: Called Strike
2-2: Ball
3-2: Foul Ball, location: 2F
3-2: Ground out 1-3 (Groundball, 23)
Batting: LHB Cipriano Miranda 0-0: Called Strike
0-1: Ball
1-1: Foul Ball, location: 2F
1-2: Foul Ball, location: 2F
1-2: Strikes out swinging
Batting: RHB Dan Tyler 0-0: Called Strike
0-1: Fly out, F9 (Flyball, 9LD)
Top of the 1st over - 0 run(s), 0 hit(s), 0 error(s), 0 left on base; Vancouver 0 - Santa Monica 0
BOTTOM OF THE 1ST
Santa Monica Bruins batting - Pitching for Vancouver Vipers : RHP Martin Atkins
Pitching: RHP Martin Atkins
Batting: RHB Iván De Jesús 0-0: Called Strike
0-1: Ball
1-1: Ball
2-1: Foul Ball, location: 2F
2-2: Strikes out swinging
Batting: RHB Beco Lombo 0-0: Foul Ball, location: 2F
0-1: Foul Ball, location: 2F
0-2: Ball
1-2: Strikes out swinging
Batting: LHB Patrick Osborne 0-0: SINGLE (Groundball, 56)
Batting: LHB Germán Charfauros 0-0: Called Strike
0-1: Ball
1-1: Ball
2-1: Called Strike
2-2: SINGLE (Flyball, 7S)
Patrick Osborne to second
Batting: RHB Javier Deleón 0-0: Foul Ball, location: 2F
0-1: Ball
1-1: Ball
2-1: Foul Ball, location: 2F
2-2: Foul Ball, location: 2F
2-2: SINGLE (Flyball, 8LS)
Patrick Osborne to third
Germán Charfauros to second
Runner from 3rd tries for Home, SAFE, throw made at trailing runner, SAFE at third!
Batting: LHB Ken Poche 0-0: Called Strike
0-1: Ball
1-1: Foul Ball, location: 2F
1-2: Foul Ball, location: 2F
1-2: Strikes out swinging
Bottom of the 1st over - 1 run(s), 3 hit(s), 0 error(s), 2 left on base; Vancouver 0 - Santa Monica 1
TOP OF THE 2ND
Vancouver Vipers batting - Pitching for Santa Monica Bruins : LHP Yasuyuki Ishii
Batting: SHB Henry Copeland 0-0: Ball
1-0: Called Strike
1-1: Swinging Strike
1-2: Strikes out swinging
Batting: RHB Cristo Gilera 0-0: Ball
1-0: Ball
2-0: SINGLE (Line Drive, 56D)
Batting: RHB Júlio Figueroa 0-0: Ball
1-0: SINGLE (Line Drive, 4M)
Cristo Gilera to second
Batting: SHB Cipriano Soto 0-0: Ball
1-0: Ball
2-0: Foul Ball, location: 2F
2-1: Foul Ball, location: 2F
2-2: Ball
3-2: Grounds into double play, U5-3 (Groundball, 5L)
Top of the 2nd over - 0 run(s), 2 hit(s), 0 error(s), 1 left on base; Vancouver 0 - Santa Monica 1
BOTTOM OF THE 2ND
Santa Monica Bruins batting - Pitching for Vancouver Vipers : RHP Martin Atkins
Batting: RHB Danny Crouch 0-0: Called Strike
0-1: Ball
1-1: Called Strike
1-2: Ball
2-2: SINGLE (Groundball, 25) (infield hit)
Batting: RHB Pablo Peña 0-0: Grounds into double play, 1-6-3 (Groundball, 15S)
Batting: RHB Salvador Salas 0-0: Called Strike
0-1: Fly out, F8 (Flyball, 8LM)
Bottom of the 2nd over - 0 run(s), 1 hit(s), 0 error(s), 0 left on base; Vancouver 0 - Santa Monica 1
TOP OF THE 3RD
Vancouver Vipers batting - Pitching for Santa Monica Bruins : LHP Yasuyuki Ishii
Batting: RHB Tomás Estrada 0-0: Ball
1-0: Ball
2-0: Ground out 5-3 (Groundball, 56S)
Batting: RHB Kenneth Corbitt 0-0: Called Strike
0-1: Foul Ball, location: 2F
0-2: Ground out U3 (Groundball, 3S)
Batting: RHB Guillermo Sánchez 0-0: Ball
1-0: Foul Ball, location: 2F
1-1: Swinging Strike
1-2: Ball
2-2: Ball
3-2: Ground out 4-3 (Groundball, 4M)
Top of the 3rd over - 0 run(s), 0 hit(s), 0 error(s), 0 left on base; Vancouver 0 - Santa Monica 1
BOTTOM OF THE 3RD
Santa Monica Bruins batting - Pitching for Vancouver Vipers : RHP Martin Atkins
Batting: RHB Iván De Jesús 0-0: Foul Ball, location: 2F
0-1: Foul Ball, location: 2F
0-2: Ball
1-2: Ground out 5-3 (Groundball, 56)
Batting: RHB Beco Lombo 0-0: Ball
1-0: Foul Ball, location: 2F
1-1: Swinging Strike
1-2: DOUBLE (Flyball, 8RM)
Batting: LHB Patrick Osborne 0-0: Ball
1-0: Ball
2-0: Called Strike
2-1: DOUBLE (Groundball, 5L)
Beco Lombo scores
Batting: LHB Germán Charfauros 0-0: Ball
1-0: Swinging Strike
1-1: Foul Ball, location: 2F
1-2: Strikes out swinging
Batting: RHB Javier Deleón 0-0: Foul Ball, location: 2F
0-1: Ball
1-1: Ball
2-1: Foul Ball, location: 2F
2-2: Foul Ball, location: 2F
2-2: Hit by Pitch
Batting: LHB Ken Poche 0-0: Ball
1-0: 3-RUN HOME RUN (Flyball, 7D), Distance : 358 ft
Batting: RHB Danny Crouch 0-0: Called Strike
0-1: Foul Ball, location: 2F
0-2: Strikes out swinging
Bottom of the 3rd over - 4 run(s), 3 hit(s), 0 error(s), 0 left on base; Vancouver 0 - Santa Monica 5
TOP OF THE 4TH
Vancouver Vipers batting - Pitching for Santa Monica Bruins : LHP Yasuyuki Ishii
Batting: LHB Cipriano Miranda 0-0: Ball
1-0: Ball
2-0: Called Strike
2-1: Ball
3-1: Called Strike
3-2: DOUBLE (Line Drive, 6D)
Batting: RHB Dan Tyler 0-0: Called Strike
0-1: Ball
1-1: Called Strike
1-2: Strikes out swinging
Batting: SHB Henry Copeland 0-0: Called Strike
0-1: Ball
1-1: Ground out 5-3 (Groundball, 56)
Batting: RHB Cristo Gilera 0-0: Ball
1-0: Called Strike
1-1: Ball
2-1: Fly out, F9 (Line Drive, 89D)
Top of the 4th over - 0 run(s), 1 hit(s), 0 error(s), 1 left on base; Vancouver 0 - Santa Monica 5
BOTTOM OF THE 4TH
Santa Monica Bruins batting - Pitching for Vancouver Vipers : RHP Martin Atkins
Batting: RHB Pablo Peña 0-0: Ball
1-0: SOLO HOME RUN (Flyball, 7LD), Distance : 325 ft
Pitching: RHP Jeffrey Campbell
Batting: RHB Salvador Salas 0-0: Foul Ball, location: 2F
0-1: Swinging Strike
0-2: Foul Ball, location: 2F
0-2: Ball
1-2: Ball
2-2: Ball
3-2: Foul Ball, location: 2F
3-2: Base on Balls
Batting: RHB Iván De Jesús 0-0: Ball
1-0: Called Strike
1-1: Swinging Strike
1-2: Fly out, F3 (Popup, 3DF)
Batting: RHB Beco Lombo 0-0: Called Strike
0-1: Foul Ball, location: 2F
0-2: Fly out, F9 (Flyball, 89S)
Batting: LHB Patrick Osborne 0-0: Swinging Strike
0-1: Foul Ball, location: 2F
0-2: Ball
1-2: Strikes out swinging
Bottom of the 4th over - 1 run(s), 1 hit(s), 0 error(s), 1 left on base; Vancouver 0 - Santa Monica 6
TOP OF THE 5TH
Vancouver Vipers batting - Pitching for Santa Monica Bruins : LHP Yasuyuki Ishii
Batting: RHB Júlio Figueroa 0-0: Called Strike
0-1: Ball
1-1: SINGLE (Groundball, 6MD)
Batting: SHB Cipriano Soto 0-0: Ball
1-0: Swinging Strike
1-1: Ball
2-1: Swinging Strike
2-2: Ball
3-2: Foul Ball, location: 2F
3-2: Strikes out swinging
Batting: RHB Tomás Estrada 0-0: Called Strike
0-1: Fielders Choice at 2nd, 1-6 (Groundball, 13S)
Batting: RHB Kenneth Corbitt 0-0: Called Strike
0-1: Called Strike
0-2: Ball
1-2: Ball
2-2: Fielders Choice at 2nd, U6 (Groundball, 6MD)
Top of the 5th over - 0 run(s), 1 hit(s), 0 error(s), 1 left on base; Vancouver 0 - Santa Monica 6
BOTTOM OF THE 5TH
Santa Monica Bruins batting - Pitching for Vancouver Vipers : RHP Jeffrey Campbell
Batting: LHB Germán Charfauros 0-0: Swinging Strike
0-1: Foul Ball, location: 2F
0-2: Ball
1-2: Ball
2-2: Foul Ball, location: 2F
2-2: Ground out 3-1 (Groundball, 3L)
Batting: RHB Javier Deleón 0-0: Called Strike
0-1: Ball
1-1: Ball
2-1: Ball
3-1: Base on Balls
Batting: LHB Ken Poche 0-0: Foul Ball, location: 2F
0-1: Ball
1-1: Foul Ball, location: 2F
1-2: Ball
2-2: DOUBLE (Line Drive, 78XD)
Javier Deleón to third
Javier Deleón scores
Batting: RHB Danny Crouch 0-0: Called Strike
0-1: Ground out 6-3 (Groundball, 6MS)
Ken Poche to third
Batting: RHB Pablo Peña 0-0: Called Strike
0-1: Called Strike
0-2: Ball
1-2: Foul Ball, location: 2F
1-2: Foul Ball, location: 2F
1-2: Strikes out looking
Bottom of the 5th over - 1 run(s), 1 hit(s), 0 error(s), 1 left on base; Vancouver 0 - Santa Monica 7
TOP OF THE 6TH
Vancouver Vipers batting - Pitching for Santa Monica Bruins : LHP Yasuyuki Ishii
Batting: RHB Guillermo Sánchez 0-0: Ball
1-0: Called Strike
1-1: Called Strike
1-2: Strikes out swinging
Batting: LHB Cipriano Miranda 0-0: Fly out, F9 (Flyball, 9M)
Batting: RHB Dan Tyler 0-0: Called Strike
0-1: Called Strike
0-2: Foul Ball, location: 2F
0-2: Foul Ball, location: 2F
0-2: Ball
1-2: Foul Ball, location: 2F
1-2: Fly out, F7 (Flyball, 78S)
Top of the 6th over - 0 run(s), 0 hit(s), 0 error(s), 0 left on base; Vancouver 0 - Santa Monica 7
BOTTOM OF THE 6TH
Santa Monica Bruins batting - Pitching for Vancouver Vipers : RHP Jeffrey Campbell
Batting: RHB Salvador Salas 0-0: Fly out, F9 (Flyball, 89M)
Batting: RHB Iván De Jesús 0-0: Called Strike
0-1: Foul Ball, location: 2F
0-2: Strikes out swinging
Batting: RHB Beco Lombo 0-0: Swinging Strike
0-1: Hit by Pitch
Batting: LHB Patrick Osborne 0-0: Called Strike
0-1: Ball
1-1: Foul Ball, location: 2F
1-2: Foul Ball, location: 2F
1-2: Foul Ball, location: 2F
1-2: Foul Ball, location: 2F
1-2: Ball
Wild Pitch!
Beco Lombo to second
2-2: Strikes out swinging
Bottom of the 6th over - 0 run(s), 0 hit(s), 0 error(s), 1 left on base; Vancouver 0 - Santa Monica 7
TOP OF THE 7TH
Vancouver Vipers batting - Pitching for Santa Monica Bruins : LHP Yasuyuki Ishii
Batting: SHB Henry Copeland 0-0: Called Strike
0-1: Foul Ball, location: 2F
0-2: Strikes out looking
Batting: RHB Cristo Gilera 0-0: Ground out 6-3 (Groundball, 6)
Batting: RHB Júlio Figueroa 0-0: Foul Ball, location: 2F
0-1: Swinging Strike
0-2: Foul Ball, location: 2F
0-2: Strikes out looking
Top of the 7th over - 0 run(s), 0 hit(s), 0 error(s), 0 left on base; Vancouver 0 - Santa Monica 7
BOTTOM OF THE 7TH
Santa Monica Bruins batting - Pitching for Vancouver Vipers : RHP Jeffrey Campbell
Pitching: RHP José Vargas
Batting: LHB Germán Charfauros 0-0: Ball
1-0: Ball
2-0: Ball
3-0: Base on Balls
Batting: RHB Javier Deleón 0-0: Called Strike
0-1: Foul Ball, location: 2F
0-2: Ball
1-2: Grounds into double play, U6-3 (Groundball, 6M)
Batting: LHB Ken Poche 0-0: Ball
1-0: Ball
2-0: Ball
3-0: Ground out 6-3 (Groundball, 6M)
Bottom of the 7th over - 0 run(s), 0 hit(s), 0 error(s), 0 left on base; Vancouver 0 - Santa Monica 7
TOP OF THE 8TH
Vancouver Vipers batting - Pitching for Santa Monica Bruins : LHP Yasuyuki Ishii
Pitching: RHP Javier Correa
Batting: SHB Cipriano Soto 0-0: Called Strike
0-1: SINGLE (Flyball, 4MD)
Pinch Hitting: LHB Ray Spencer 0-0: Swinging Strike
0-1: Called Strike
0-2: Strikes out swinging
Batting: RHB Kenneth Corbitt 0-0: Foul Ball, location: 2F
0-1: Ball
1-1: SINGLE (Groundball, 6M)
Cipriano Soto to second
Batting: RHB Guillermo Sánchez 0-0: Called Strike
0-1: Foul Ball, location: 2F
0-2: Strikes out looking
Batting: LHB Cipriano Miranda 0-0: Foul Ball, location: 2F
0-1: Ball
1-1: Ball
2-1: SINGLE (Line Drive, 9LS)
Cipriano Soto to third
Kenneth Corbitt to second
Runner from 3rd tries for Home, SAFE, no throw or cutoff
Batting: RHB Dan Tyler 0-0: Ball
1-0: Ball
2-0: Ball
3-0: Base on Balls
Kenneth Corbitt to third
Cipriano Miranda to second
Batting: SHB Henry Copeland 0-0: Ball
1-0: DOUBLE (Groundball, 3L)
Kenneth Corbitt scores
Cipriano Miranda scores
Dan Tyler to third
Pitching: RHP Estefan Jiménez
Batting: RHB Cristo Gilera 0-0: SINGLE (Groundball, 56)
Dan Tyler scores
Henry Copeland to third
Runner from 3rd tries for Home, SAFE, no throw or cutoff
Pitching: RHP José Betancourt
Batting: RHB Júlio Figueroa 0-0: Ball
1-0: Fly out, F6 (Line Drive, 6MD)
Top of the 8th over - 5 run(s), 5 hit(s), 0 error(s), 1 left on base; Vancouver 5 - Santa Monica 7
BOTTOM OF THE 8TH
Santa Monica Bruins batting - Pitching for Vancouver Vipers : RHP José Vargas
Now in RF: Ray Spencer
Batting: RHB Danny Crouch 0-0: Foul Ball, location: 2F
0-1: Called Strike
0-2: Foul Ball, location: 2F
0-2: Strikes out swinging
Batting: RHB Pablo Peña 0-0: Fly out, F7 (Flyball, 7S)
Batting: RHB Salvador Salas 0-0: Foul Ball, location: 2F
0-1: Ball
1-1: Fly out, F8 (Flyball, 78D)
Bottom of the 8th over - 0 run(s), 0 hit(s), 0 error(s), 0 left on base; Vancouver 5 - Santa Monica 7
TOP OF THE 9TH
Vancouver Vipers batting - Pitching for Santa Monica Bruins : RHP José Betancourt
Pitching: RHP Manuel López
Now at 1B: Bill Savage
Now at 2B: Kuniaki Kawashima
Now in CF: Motoshige Yagi
Batting: SHB Cipriano Soto 0-0: Ball
1-0: Foul Ball, location: 2F
1-1: Ground out 5-3 (Groundball, 5D)
Batting: LHB Ray Spencer 0-0: SINGLE (Line Drive, 34)
Pinch Hitting: RHB Mario López 0-0: Ball
1-0: Fly out, F6 (Popup, 6MS)
Batting: RHB Guillermo Sánchez 0-0: Ball
1-0: Ground out 1-3 (Groundball, 23)
Top of the 9th over - 0 run(s), 1 hit(s), 0 error(s), 1 left on base; Vancouver 5 - Santa Monica 7
This league is powered by Out of the Park Baseball, the baseball management simulation game for PC, Mac and Linux
Wednesday, December 2nd, 2015 - OOTP Baseball 16.8 Build 38